 Dungeon Crawl Stone Soup version 0.31-a0-182-gc5ef74bbde (webtiles) character file.

Game seed: 3055109050273436601

175326 qw the Severer (level 18, -2/116 HPs)
             Began as a Gargoyle Fighter on June 21, 2023.
             Was an Elder of Okawaru.
             Slain by the 26-headed Lernaean hydra (3 damage)
             ... on level 4 of the Swamp.
             The game lasted 00:17:00 (29069 turns).

qw the Severer (Gargoyle Fighter)                  Turns: 29069, Time: 00:17:01

Health: -2/116     AC: 48    Str: 34    XL:     18   Next: 9%
Magic:  25/25      EV: 11    Int:  9    God:    Okawaru [****..]
Gold:   1790       SH: 28    Dex:  9    Spells: 17/17 levels left

rFire   . . .        m - +16 obsidian axe {drain, demonic, Mesm Drain Fly SInv}
rCold   + . .        H - +2 tower shield
rNeg    + . .        G - +2 plate armour {Will+}
rPois   inf          C - +1 hat {Will+}
rElec   +            f - +2 cloak
rCorr   .            J - +3 pair of gauntlets of War {Slay+5}
SInv    +            o - +0 pair of boots
Will    ++++.        E - amulet of reflection Stlth
                     c - ring "Itsoup" {Fly rPois rC+ Str+6}
HPRegen 0.39/turn    v - +4 ring of protection
MPRegen 0.19/turn

%: reflection
@: about to teleport, heroic, flying, mesmerised
A: sickness immunity, AC +13, big wings, negative energy resistance 1,
electricity resistance, torment resistance 1, petrification resistance,
strong-willed 1
a: Renounce Religion, Heroism, Finesse


You were on level 4 of the Swamp.
You worshipped Okawaru.
Okawaru was greatly pleased with you.
You visited 6 branches of the dungeon, and saw 30 of its levels.
You also visited: Ossuary.

You collected 3743 gold pieces.
You spent 1953 gold pieces at shops.


Innate Abilities, Weirdness & Mutations

You are immune to sickness and miasma.
Your stone body is resilient. (AC +13)
You are immune to poison.
Your large and strong wings let you fly.
You resist negative energy. (rN+)
You are resistant to electric shocks. (rElec)
You are resistant to unholy torment.
You are immune to petrification.
You are strong-willed. (Will+)


   Skills:
 - Level 14.0(19.0) Fighting
 - Level 18.0(23.0) Axes
 - Level 7.0(12.0) Throwing
 - Level 12.4(17.4) Armour
 - Level 3.0(8.0) Dodging
 + Level 17.8(22.8) Shields
 - Level 10.0 Invocations


You had 17 spell levels left.
You didn't know any spells.
Your spell library was empty.

Inventory:

Hand Weapons
 i - a +0 broad axe of flaming
 m - the +16 obsidian axe (weapon) {drain, demonic, Mesm Drain Fly SInv}
   (You acquired it on level 2 of the Dungeon)

   Mesm:      Its wielder is mesmerised by any visible foes, and it cannot be
   unequipped while any foes are visible.
   SInv:      It lets you see invisible.
   Fly:       It grants you flight.
   Drain:     It drains your maximum health when unequipped.
 B - the +0 broad axe "Catzie Zeatu" {heavy, +Blink rN+}
   (You acquired it on level 12 of the Dungeon)

   rN:        It protects you from negative energy.
   +Blink:    It lets you blink.
Missiles
 z - 30 boomerangs
 D - 2 silver javelins (quivered)
 F - 10 javelins
Armour
 f - a +2 cloak (worn)
 l - a +2 tower shield of reflection
 o - a +0 pair of boots (worn)
 u - a +1 plate armour of fire resistance
 x - the +15 Maxwell's patent armour {-Cast -Tele rElec Will+ rCorr}
   (You found it on level 1 of the Lair of Beasts)

   rElec:     It insulates you from electricity.
   -Cast:     It prevents spellcasting.
   -Tele:     It prevents most forms of teleportation.
   rCorr:     It protects you from acid and corrosion.
   Will:      It increases your willpower.
 C - a +1 hat of willpower (worn)
 G - a +2 plate armour of willpower (worn)
 H - a +2 tower shield (worn)
 I - a +4 plate armour of poison resistance
 J - the +3 pair of gauntlets of War (worn) {Slay+5}
   (Okawaru gifted it to you on level 3 of the Snake Pit)

   Slay:      It affects your accuracy & damage with ranged weapons and melee
   (+5).
Jewellery
 c - the ring "Itsoup" (left hand) {Fly rPois rC+ Str+6}
   (You acquired it on level 5 of the Lair of Beasts)

   [ring of strength]

   Str:       It affects your strength (+6).
   rC:        It protects you from cold.
   rPois:     It protects you from poison.
   Fly:       It grants you flight.
 k - an amulet of guardian spirit
 p - a ring of resist corrosion
 v - a +4 ring of protection (right hand)
 y - a ring of resist corrosion
 E - an amulet of reflection (around neck)
Wands
 s - a wand of digging (13)
Scrolls
 a - 14 scrolls of identify
 n - 10 scrolls of teleportation
 w - 3 scrolls of enchant weapon
Potions
 b - a potion of attraction
 d - 5 potions of might
 e - 3 potions of cancellation
 g - 5 potions of haste
 h - 6 potions of mutation
 j - 5 potions of resistance
 q - 4 potions of heal wounds
 r - 7 potions of curing
 t - 4 potions of enlightenment
 A - a potion of lignification

Dungeon Overview and Level Annotations

Branches:
Dungeon (15/15)            Temple (1/1) D:4            Lair (5/5) D:11
  Swamp (4/4) Lair:2        Snake (3/4) Lair:2        Slime (0/5) Lair:4
    Orc (2/2) D:9             Elf (0/3) Orc:2        Vaults (0/5) D:14
 Depths (0/4) D:15        Ossuary (visited)

Altars:
Ashenzari
Cheibriados
Dithmenos
Elyvilon
Fedhas
Gozag
Hepliaklqana
Kikubaaqudgha
Makhleb
Nemelex Xobeh
Okawaru
Qazlal
Ru
Sif Muna
Trog
Uskayaw
Vehumet
Wu Jian
Xom
Yredelemnul
Zin
The Shining One

Shops:
D:3 [   D:9 (   D:11 (   D:12 !   Orc:2 [([(   Snake:3 ((

Annotations:
D:3 2 runed translucent doors, qw's ghost, amateur NaHu
Lair:1 1 runed translucent door, qw's ghost, novice GrFi
Swamp:4 Lernaean hydra


Message History

You kill the spriggan!
Okawaru accepts your kill.
Visions of slaying the 26-headed Lernaean hydra flood into your mind.
You block the spriggan rider's attack.
You completely miss the 26-headed Lernaean hydra.
The 26-headed Lernaean hydra is moderately wounded.
The 26-headed Lernaean hydra bites you!
You block the 26-headed Lernaean hydra's attack.
The 26-headed Lernaean hydra bites you but does no damage. x2
You block the 26-headed Lernaean hydra's attack. x2
The 26-headed Lernaean hydra bites you but does no damage.
You block the 26-headed Lernaean hydra's attack.
The 26-headed Lernaean hydra bites you but does no damage.
You block the 26-headed Lernaean hydra's attack.
The 26-headed Lernaean hydra misses you.
You block the 26-headed Lernaean hydra's attack. x2
The 26-headed Lernaean hydra bites you but does no damage. x3
The 26-headed Lernaean hydra barely misses you.
The 26-headed Lernaean hydra bites you!
The 26-headed Lernaean hydra bites you but does no damage. x5
The 26-headed Lernaean hydra bites you! The 26-headed Lernaean hydra bites you.
The 26-headed Lernaean hydra bites you but does no damage.
A swamp dragon comes into view. x2
29069 ||| READING 11 scrolls of teleportation.
As you read the scroll of teleportation, it crumbles to dust.
You feel strangely unstable.
The swamp dragon roars deafeningly! x2
You block the spriggan rider's attack. The 26-headed Lernaean hydra bites you!
The 26-headed Lernaean hydra bites you but does no damage. x4
You block the 26-headed Lernaean hydra's attack.
The 26-headed Lernaean hydra bites you but does no damage. x2
The 26-headed Lernaean hydra bites you. The 26-headed Lernaean hydra bites you!
The 26-headed Lernaean hydra bites you but does no damage.
You block the 26-headed Lernaean hydra's attack.
The 26-headed Lernaean hydra bites you but does no damage.
The 26-headed Lernaean hydra barely misses you.
You block the 26-headed Lernaean hydra's attack.
The 26-headed Lernaean hydra bites you but does no damage.
The 26-headed Lernaean hydra bites you.
You die...

~¤¤.##...# ##~~~~#~.~D #
##~~~~~....D ##~
~~~.~#~~#~~ #~.~
....D..... #~~~#~~#iDD¤
##~~.[)~.# . #~##~#@D~#
#~~ #~~~##.~~#~~.~ .~ 7
#~~~.~.~#~~~ 7. 77.
##~¤~.#.¤¤¤~#
..777.######~~~~.~~~~~#~
7..7~...##.~~~~~%~~.~~.#
.......~..........~...~~
.....~...#~¤.#~.#~~..~~.
~~..7~.####~~~#~~~#~~~~~


You could see the 26-headed Lernaean hydra (mesmerising, drained), 5 swamp
dragons and a spriggan rider.

Vanquished Creatures
  A thorn hunter (Swamp:4)
  Gastronok (Lair:3)
  Donald (Swamp:4)
  Roxanne (Swamp:4)
  An orc warlord (Orc:2)
  Louise (Snake:3)
  A very ugly thing (Swamp:3)
  Nessos (Lair:5)
  2 bunyips (Swamp:1)
  3 eleionomae
  A salamander tyrant (Snake:2)
  Erica (D:9)
  Erolcha (Orc:1)
  4 catoblepae
  2 centaur warriors
  8 anacondas
  15 hydras
  6 two-headed ogres
  8 boulder beetles
  9 alligators
  A deep troll shaman (Lair:5)
  An orc high priest (Orc:2)
  14 naga warriors
  9 death yaks (Lair:5)
  3 naga sharpshooters
  4 shock serpents (Snake:3)
  Nergalle (Lair:3)
  A skyshark (Lair:3)
  8 skeletal warriors
  3 goliath frogs (Swamp:2)
  Lodul (D:14)
  10 swamp dragons
  An orange crystal statue (D:8)
  3 spriggan druids
  2 wizards (D:15)
  2 bog bodies
  5 naga ritualists
  Pikel (D:7)
  A lindwurm (Lair:5)
  A necromancer (D:15)
  4 orc knights
  2 deep elf pyromancers (D:15)
  4 phantasmal warriors (Snake:2)
  17 ugly things
  2 mana vipers (Snake:2)
  3 will-o-the-wisps
  A deep elf zephyrmancer (D:14)
  11 salamanders
  5 orc sorcerers
  4 manticores
  15 elephants (Lair:5)
  30 black mambas
  5 guardian serpents
  12 naga magi
  Joseph (D:7)
  A torpor snail (Lair:5)
  Maurice (D:11)
  A centaur zombie (D:15)
  A gargoyle (D:13)
  An unseen horror (D:11)
  7 komodo dragons
  11 cane toads
  2 kobold demonologists
  7 rime drakes
  A centaur skeleton (D:15)
  A bloated husk (Swamp:1)
  5 trolls
  A queen bee (Lair:1)
  5 polar bears
  6 hornets
  A tarantella (shapeshifter) (D:14)
  12 blink frogs
  7 tyrant leeches
  4 dream sheep (Lair:3)
  4 slime creatures (D:15)
  2 centaur simulacra
  7 spriggans
  6 wyverns
  2 vampires
  A wraith (D:12)
  43 yaks
  6 basilisks
  A steam dragon (D:8)
  3 wargs
  Menkaure (D:7)
  22 nagas
  13 vampire mosquitoes
  12 swamp worms
  3 acid dragons
  18 water moccasins
  46 orc warriors
  4 swamp drakes (Swamp:4)
  A sky beast (D:8)
  An ice beast (D:7)
  3 black bears
  6 ogres (D:14)
  28 wolves
  4 centaurs
  A lemure (D:7)
  3 kobold brigands
  17 bullfrogs
  A gnoll sergeant (D:7)
  3 scorpions
  3 wights
  52 killer bees
  4 howler monkeys
  A crimson imp (D:7)
  3 lava snakes (D:8)
  6 jellies
  4 hounds
  29 orc priests
  2 gnoll boudas
  9 iguanas
  26 orc wizards
  5 hell rats (Lair:1)
  A mummy (Ossuary)
  22 gnolls
  13 adders
  A shadow imp (D:7)
  2 white imps
  2 ufetubi (D:5)
  2 worms
  4 dart slugs
  100 orcs
  4 spectral bats (Ossuary)
  8 ball pythons
  A bat (D:2)
  A bat simulacrum (Ossuary)
  7 endoplasms
  2 giant cockroaches (D:2)
  10 gnoll zombies (Ossuary)
  24 hobgoblins
  8 jackals
  24 kobolds
  5 quokkas
  3 training dummies (Snake:3)
  2 frilled lizards (D:2)
  19 goblins
  6 goblin simulacra (Ossuary)
  7 goblin zombies (Ossuary)
  3 hobgoblin zombies (Ossuary)
  4 kobold simulacra (Ossuary)
  2 kobold zombies (Ossuary)
  5 orc zombies (Ossuary)
  5 rats
  A rat simulacrum (Ossuary)
  2 spectral goblins (Ossuary)
  6 spectral kobolds (Ossuary)
  4 spectral rats (Ossuary)
1047 creatures vanquished.

Vanquished Creatures (collateral kills)
  Psyche (D:9)
  A troll (D:9)
  3 yaks (D:4)
  Grum (D:9)
  A steam dragon (D:6)
  An orc warrior (D:8)
  An ice beast (D:7)
  A kobold brigand (D:8)
  5 wights
  A killer bee (D:8)
  A howler monkey (D:9)
  4 hounds
  4 orc priests
  An iguana (D:5)
  5 gnolls
  3 adders
  An ufetubus (D:5)
  15 orcs
  A ball python (D:3)
  2 gnoll zombies (Ossuary)
  11 goblins (D:4)
  8 hobgoblins (D:4)
  A jackal (D:4)
  A frilled lizard (D:3)
  A hobgoblin zombie (Ossuary)
  4 kobolds
  A rat (D:3)
80 creatures vanquished.

Vanquished Creatures (others)
  A goliath frog (Swamp:1)
  2 bloated husks (Swamp:1)
  An orc (D:7)
  A kobold (D:8)
  12 foxfires
17 creatures vanquished.

Grand Total: 1144 creatures vanquished

Notes
Turn   | Place    | Note
-------+----------+-------------------------------------------
     0 | D:1      | qw the Gargoyle Fighter began the quest for the Orb.
     0 | D:1      | Reached XP level 1. HP: 14/14 MP: 1/1
     0 | D:1      | 0 ||| qw: Version: 0.3-a-9-g12657ce
     0 | D:1      | 0 ||| qw: Game counter: 1652
     0 | D:1      | 0 ||| qw: Always use a shield: true
     0 | D:1      | 0 ||| qw: God list: Okawaru
     0 | D:1      | 0 ||| qw: Allow faded altars: false
     0 | D:1      | 0 ||| qw: Do Orc after D:15 true
     0 | D:1      | 0 ||| qw: Do second Lair branch before Depths: true
     0 | D:1      | 0 ||| qw: Lair rune preference: random
     0 | D:1      | 0 ||| qw: Plans: Normal, Zot:1-4, Slime:5, God:TSO, Crypt,
                  | Tomb, Abyss, Pan, Hells, Win
     0 | D:1      | 0 ||| PLANNING D:1-11
    70 | D:1      | 70 ||| Stepping ~*~*~tactically~*~*~ (stealth).
    80 | D:1      | 80 ||| Stepping ~*~*~tactically~*~*~ (hiding).
    86 | D:1      | Reached skill level 2 in Axes
   224 | D:1      | Reached XP level 2. HP: 19/19 MP: 2/2
   298 | D:1      | 298 ||| Stepping ~*~*~tactically~*~*~ (stealth).
   590 | D:1      | 590 ||| FLEEEEING.
   591 | D:1      | 591 ||| FLEEEEING.
   656 | D:1      | Reached skill level 3 in Axes
   818 | D:1      | Found a faded altar of an unknown god.
   903 | D:1      | 903 ||| UPGRADING to +0 pair of gloves.
   908 | D:1      | 908 ||| UPGRADING to +4 ring of slaying {mikee}.
   909 | D:1      | 909 ||| READING 4 scrolls labelled XULUHI XEUK.
   910 | D:1      | 910 ||| READING scroll labelled SUDWAE XETU.
   915 | D:1      | 915 ||| READING 2 scrolls labelled GARIBRE EMAACH.
   916 | D:1      | 916 ||| READING scroll of enchant armour.
   916 | D:1      | 916 ||| ENCHANTING +0 pair of gloves.
   917 | D:1      | 917 ||| DRINKING 2 metallic brown potions.
   918 | D:1      | 918 ||| READING 3 scrolls of identify.
   918 | D:1      | 918 ||| IDENTIFYING bubbling green potion
   919 | D:1      | 919 ||| READING 2 scrolls of identify.
   919 | D:1      | 919 ||| IDENTIFYING sapphire potion
   920 | D:1      | 920 ||| DROPPING potion of invisibility.
  1017 | D:2      | 1017 ||| Stepping ~*~*~tactically~*~*~ (stealth).
  1028 | D:2      | Reached XP level 3. HP: 23/23 MP: 3/3
  1136 | D:2      | 1136 ||| Stepping ~*~*~tactically~*~*~ (stealth).
  1138 | D:2      | 1138 ||| Stepping ~*~*~tactically~*~*~ (stealth).
  1139 | D:2      | 1139 ||| Stepping ~*~*~tactically~*~*~ (stealth).
  1140 | D:2      | 1140 ||| Stepping ~*~*~tactically~*~*~ (stealth).
  1467 | D:2      | Reached XP level 4. HP: 28/28 MP: 4/4
  1650 | D:2      | Reached skill level 4 in Axes
  1762 | D:2      | 1762 ||| READING 2 scrolls labelled XEEREI WUIR.
  1763 | D:2      | 1763 ||| READING scroll labelled IBUGA MYAKH.
  1763 | D:2      | Identified a scroll of acquirement
  1763 | D:2      | 1763 ||| ACQUIRING +16 obsidian axe {drain, demonic, Mesm
                  | Drain Fly SInv}
  1763 | D:2      | Acquired the +16 obsidian axe {drain, demonic, Mesm Drain
                  | Fly SInv}
  1763 | D:2      | Found the +16 obsidian axe {drain, demonic, Mesm Drain Fly
                  | SInv}
  1765 | D:2      | 1765 ||| SWAPPING to +16 obsidian axe {drain, demonic, Mesm
                  | Drain Fly SInv}.
  1766 | D:2      | 1766 ||| DRINKING 2 yellow potions.
  1767 | D:2      | 1767 ||| DRINKING 2 potions of curing.
  1767 | D:2      | 1767 ||| (to cure confusion)
  1768 | D:2      | 1768 ||| READING 4 scrolls of identify.
  1768 | D:2      | 1768 ||| IDENTIFYING fizzy pink potion
  1769 | D:2      | 1769 ||| READING 3 scrolls of identify.
  1769 | D:2      | 1769 ||| IDENTIFYING puce potion
  1770 | D:2      | 1770 ||| DROPPING scroll of poison.
  1771 | D:2      | 1771 ||| DROPPING potion of ambrosia.
  1911 | D:3      | 1911 ||| Stepping ~*~*~tactically~*~*~ (hiding).
  2071 | D:3      | 2071 ||| Stepping ~*~*~tactically~*~*~ (stealth).
  2072 | D:3      | 2072 ||| Stepping ~*~*~tactically~*~*~ (stealth).
  2075 | D:3      | Reached XP level 5. HP: 32/32 MP: 5/5
  2105 | D:3      | Found a large runed translucent door.
  2105 | D:3      | Found a large runed translucent door.
  2108 | D:3      | Noticed qw's ghost (amateur NaHu)
  2156 | D:3      | 2156 ||| READING 2 scrolls of identify.
  2156 | D:3      | 2156 ||| IDENTIFYING fizzy black potion
  2157 | D:3      | 2157 ||| DROPPING potion of brilliance.
  2184 | D:3      | Reached skill level 5 in Axes
  2184 | D:3      | 2184 ||| Stepping ~*~*~tactically~*~*~ (cloud).
  2187 | D:3      | 2187 ||| Stepping ~*~*~tactically~*~*~ (cloud).
  2289 | D:3      | Found Cexzuwn's Armour Emporium.
  2294 | D:3      | 2294 ||| BUYING +0 pair of boots (49 gold).
  2294 | D:3      | Bought a +0 pair of boots for 49 gold pieces
  2294 | D:3      | 2294 ||| SHOPLISTING +0 plate armour (253 gold, have 149).
  2294 | D:3      | 2294 ||| SHOPLISTING +1 ice dragon scales of Korgho Bitiem
                  | {rF- rC++ Dex+3 Slay+2} (953 gold, have 149).
  2294 | D:3      | 2294 ||| SHOPLISTING +1 robe of Mirth {rF+ rCorr} (278
                  | gold, have 149).
  2294 | D:3      | 2294 ||| SHOPLISTING +2 fire dragon scales (792 gold, have
                  | 149).
  2294 | D:3      | 2294 ||| DROPPING +0 mace.
  2537 | D:3      | 2537 ||| UPGRADING to +2 cloak.
  2542 | D:3      | 2542 ||| UPGRADING to +0 pair of boots.
  2570 | D:4      | Identified the +6 quarterstaff of Truncation {heavy, SInv}
  2572 | D:4      | Found a staircase to the Ecumenical Temple.
  2573 | D:4      | 2573 ||| PLANNING TEMPLE
  2580 | Temple   | Entered the Ecumenical Temple
  2673 | Temple   | 2673 ||| PLANNING D:1-11
  2878 | D:4      | Reached XP level 6. HP: 36/38 MP: 6/6
  2879 | D:4      | Reached skill level 1 in Dodging
  2910 | D:4      | 2910 ||| DROPPING +0 flail.
  2920 | D:4      | 2920 ||| Stepping ~*~*~tactically~*~*~ (stealth).
  3112 | D:4      | 3112 ||| Stepping ~*~*~tactically~*~*~ (hiding).
  3113 | D:4      | 3113 ||| Stepping ~*~*~tactically~*~*~ (hiding).
  3117 | D:4      | 3117 ||| Stepping ~*~*~tactically~*~*~ (hiding).
  3132 | D:4      | Reached skill level 6 in Axes
  3138 | D:4      | 3138 ||| Stepping ~*~*~tactically~*~*~ (stealth).
  3139 | D:4      | 3139 ||| Stepping ~*~*~tactically~*~*~ (stealth).
  3149 | D:4      | Reached XP level 7. HP: 43/43 MP: 7/7
  3367 | D:4      | Noticed a yak
  3367 | D:4      | Noticed a yak
  3367 | D:4      | Noticed a yak
  3368 | D:4      | Noticed a yak
  3369 | D:4      | Killed a yak
  3372 | D:4      | Noticed a yak
  3372 | D:4      | Killed a yak
  3373 | D:4      | Reached skill level 7 in Axes
  3375 | D:4      | Killed a yak
  3376 | D:4      | Reached XP level 8. HP: 49/49 MP: 8/8
  3378 | D:4      | Noticed a yak
  3380 | D:4      | Killed a yak
  3386 | D:4      | Killed a yak
  3387 | D:4      | Reached skill level 8 in Axes
  3388 | D:4      | Killed a yak
  3389 | D:4      | Reached skill level 6 in Fighting
  3457 | D:4      | Noticed a sixfirhy
  3569 | D:4      | Found a glowing golden altar of the Shining One.
  3571 | D:4      | Found an iron altar of Okawaru.
  3841 | D:4      | 3841 ||| UPGRADING to +0 chain mail.
  3851 | D:4      | 3851 ||| DROPPING +0 scale mail.
  3852 | D:4      | 3852 ||| READING scroll labelled ITUJOY QIGOORHATIZ.
  3853 | D:4      | 3853 ||| READING 3 scrolls labelled UXIUSH XIRPHU.
  3854 | D:4      | 3854 ||| DRINKING 2 murky black potions.
  3855 | D:4      | 3855 ||| DROPPING 2 scrolls of vulnerability.
  3872 | D:5      | Entered Level 5 of the Dungeon
  3928 | D:5      | Found a shimmering altar of Xom.
  4042 | D:5      | Reached XP level 9. HP: 54/55 MP: 9/9
  4043 | D:5      | Reached skill level 9 in Axes
  4216 | D:5      | 4216 ||| Stepping ~*~*~tactically~*~*~ (stealth).
  4331 | D:5      | Found a blossoming altar of Fedhas.
  4394 | D:5      | 4394 ||| Stepping ~*~*~tactically~*~*~ (hiding).
  4397 | D:5      | 4397 ||| Stepping ~*~*~tactically~*~*~ (hiding).
  4576 | D:5      | 4576 ||| UPGRADING to +0 kite shield.
  4586 | D:5      | 4586 ||| DROPPING +0 buckler.
  4587 | D:5      | 4587 ||| READING 2 scrolls labelled CUUPUO WEERHA.
  4588 | D:5      | 4588 ||| READING scroll labelled RAIKHLE VYSTRYAXA.
  4589 | D:5      | 4589 ||| READING scroll labelled DUITUCZEYRU.
  4590 | D:5      | 4590 ||| DRINKING 2 bubbling purple potions.
  4591 | D:5      | 4591 ||| DROPPING potion of degeneration.
  4592 | D:5      | 4592 ||| DROPPING scroll of fog.
  4653 | D:6      | 4653 ||| Stepping ~*~*~tactically~*~*~ (stealth).
  4659 | D:6      | 4659 ||| Stepping ~*~*~tactically~*~*~ (stealth).
  4661 | D:6      | 4661 ||| Stepping ~*~*~tactically~*~*~ (hiding).
  4675 | D:6      | 4675 ||| Stepping ~*~*~tactically~*~*~ (stealth).
  4677 | D:6      | 4677 ||| Stepping ~*~*~tactically~*~*~ (stealth).
  4678 | D:6      | 4678 ||| Stepping ~*~*~tactically~*~*~ (stealth).
  4683 | D:6      | 4683 ||| Stepping ~*~*~tactically~*~*~ (stealth).
  4758 | D:6      | 4758 ||| Stepping ~*~*~tactically~*~*~ (stealth).
  4762 | D:6      | 4762 ||| DRINKING 2 potions of curing.
  4762 | D:6      | 4762 ||| (to cure confusion)
  4860 | D:6      | 4860 ||| DROPPING +1 flail of protection.
  5085 | D:6      | Reached skill level 6 in Shields
  5166 | D:6      | Found a sacrificial altar of Ru.
  5206 | D:6      | 5206 ||| READING scroll of enchant armour.
  5206 | D:6      | 5206 ||| ENCHANTING +1 pair of gloves.
  5356 | D:6      | 5356 ||| Stepping ~*~*~tactically~*~*~ (cloud).
  5357 | D:6      | 5357 ||| Stepping ~*~*~tactically~*~*~ (cloud).
  5706 | D:6      | Found a shadowy altar of Dithmenos.
  5712 | D:6      | 5712 ||| READING scroll labelled WAXIDW WA IPA.
  5760 | D:7      | Reached skill level 1 in Throwing
  5767 | D:7      | 5767 ||| Stepping ~*~*~tactically~*~*~ (hiding).
  5774 | D:7      | Noticed Menkaure
  5780 | D:7      | Killed Menkaure
  5820 | D:7      | Reached XP level 10. HP: 61/61 MP: 10/10
  5992 | D:7      | Identified the +8 short sword "Entathu" {spect, Will+
                  | Str+6}
  6066 | D:7      | Noticed Joseph
  6072 | D:7      | HP: 11/63 [Joseph/bolt of acid (8)]
  6073 | D:7      | 6073 ||| READING 3 scrolls of teleportation.
  6075 | D:7      | Killed Joseph
  6076 | D:7      | Reached skill level 9 in Shields
  6249 | D:7      | 6249 ||| Stepping ~*~*~tactically~*~*~ (stealth).
  6284 | D:7      | 6284 ||| Stepping ~*~*~tactically~*~*~ (stealth).
  6289 | D:7      | Noticed Pikel
  6298 | D:7      | Killed Pikel
  6331 | D:7      | 6331 ||| Stepping ~*~*~tactically~*~*~ (hiding).
  6332 | D:7      | 6332 ||| Stepping ~*~*~tactically~*~*~ (stealth).
  6333 | D:7      | 6333 ||| DRINKING potion of curing.
  6333 | D:7      | 6333 ||| (to cure confusion)
  6339 | D:7      | Reached skill level 10 in Axes
  6609 | D:7      | 6609 ||| DROPPING scarf of harm.
  6610 | D:7      | 6610 ||| UPGRADING to amulet of regeneration.
  6645 | D:8      | 6645 ||| PLANNING OSSUARY
  6690 | D:8      | 6690 ||| Stepping ~*~*~tactically~*~*~ (stealth).
  6694 | D:8      | 6694 ||| Stepping ~*~*~tactically~*~*~ (hiding).
  6695 | D:8      | 6695 ||| Stepping ~*~*~tactically~*~*~ (hiding).
  6696 | D:8      | 6696 ||| Stepping ~*~*~tactically~*~*~ (hiding).
  6697 | D:8      | 6697 ||| Stepping ~*~*~tactically~*~*~ (hiding).
  6704 | D:8      | Reached skill level 6 in Armour
  6748 | D:8      | 6748 ||| Stepping ~*~*~tactically~*~*~ (stealth).
  6839 | D:8      | Found an ancient bone altar of Kikubaaqudgha.
  6879 | D:8      | 6879 ||| Stepping ~*~*~tactically~*~*~ (stealth).
  6970 | D:8      | Noticed an orange crystal statue
  6977 | D:8      | 6977 ||| DRINKING potion of curing.
  6977 | D:8      | 6977 ||| (to cure confusion)
  6994 | D:8      | Killed an orange crystal statue
  7153 | D:8      | Found a bloodstained altar of Trog.
  7192 | D:8      | Found a sand-covered staircase.
  7193 | D:8      | 7193 ||| UPGRADING to +0 plate armour.
  7203 | D:8      | 7203 ||| DROPPING +0 chain mail.
  7204 | D:8      | 7204 ||| READING scroll labelled HAEGHU HYLALEUHA.
  7205 | D:8      | 7205 ||| READING scroll labelled YBREIHELOME.
  7211 | Ossuary  | Entered an ossuary
  7319 | Ossuary  | 7319 ||| Stepping ~*~*~tactically~*~*~ (stealth).
  7485 | Ossuary  | 7485 ||| READING scroll labelled YSCHUN MINLONO.
  7486 | Ossuary  | 7486 ||| DRINKING 2 cyan potions.
  7512 | D:8      | 7512 ||| PLANNING D:1-11
  7625 | D:8      | Found a glowing silver altar of Zin.
  7704 | D:9      | 7704 ||| Stepping ~*~*~tactically~*~*~ (stealth).
  7706 | D:9      | 7706 ||| Stepping ~*~*~tactically~*~*~ (stealth).
  7718 | D:9      | Reached XP level 11. HP: 46/68 MP: 11/11
  7720 | D:9      | Found a staircase to the Orcish Mines.
  7874 | D:9      | Noticed Grum
  7877 | D:9      | Reached skill level 11 in Axes
  7878 | D:9      | Noticed Psyche
  7880 | D:9      | Killed Grum
  7892 | D:9      | Killed Psyche
  7916 | D:9      | 7916 ||| PLANNING OKAWARU WORSHIP
  7916 | D:9      | 7916 ||| UPGRADING to +4 ring of protection.
  7917 | D:9      | 7917 ||| READING scroll labelled MOUREH VUGEEG.
  8081 | D:4      | Became a worshipper of Warmaster Okawaru
  8082 | D:4      | 8082 ||| PLANNING D:1-11
  8201 | D:9      | 8201 ||| Stepping ~*~*~tactically~*~*~ (stealth).
  8212 | D:9      | 8212 ||| Stepping ~*~*~tactically~*~*~ (stealth).
  8214 | D:9      | 8214 ||| Stepping ~*~*~tactically~*~*~ (hiding).
  8220 | D:9      | Noticed Erica
  8223 | D:9      | 8223 ||| Stepping ~*~*~tactically~*~*~ (hiding).
  8227 | D:9      | Paralysed by Erica for 2 turns
  8233 | D:9      | Killed Erica
  8234 | D:9      | Found Daosch's Antique Weapon Shop.
  8383 | D:9      | Found an ornate altar of the Wu Jian Council.
  8383 | D:9      | Found a shimmering blue altar of Sif Muna.
  8383 | D:9      | Found a sparkling altar of Nemelex Xobeh.
  8384 | D:9      | 8384 ||| Stepping ~*~*~tactically~*~*~ (hiding).
  8575 | D:9      | 8575 ||| Stepping ~*~*~tactically~*~*~ (hiding).
  8576 | D:9      | 8576 ||| Stepping ~*~*~tactically~*~*~ (hiding).
  8684 | D:9      | Reached * piety under Okawaru
  8820 | D:10     | Entered Level 10 of the Dungeon
  8850 | D:10     | Noticed a two-headed ogre
  8851 | D:10     | 8851 ||| INVOKING Heroism.
  8856 | D:10     | Killed a two-headed ogre
  8916 | D:10     | Reached skill level 1 in Invocations
  8921 | D:10     | Found a burning altar of Makhleb.
  8949 | D:10     | 8949 ||| Stepping ~*~*~tactically~*~*~ (hiding).
  9014 | D:10     | 9014 ||| Stepping ~*~*~tactically~*~*~ (stealth).
  9016 | D:10     | 9016 ||| Stepping ~*~*~tactically~*~*~ (hiding).
  9018 | D:10     | 9018 ||| Stepping ~*~*~tactically~*~*~ (hiding).
  9542 | D:10     | 9542 ||| DROPPING ring of positive energy.
  9604 | D:11     | 9604 ||| Stepping ~*~*~tactically~*~*~ (hiding).
  9606 | D:11     | 9606 ||| INVOKING Heroism.
  9696 | D:11     | Noticed Maurice
  9705 | D:11     | Killed Maurice
  9706 | D:11     | Reached skill level 3 in Invocations
  9734 | D:11     | Reached skill level 9 in Fighting
  9769 | D:11     | Noticed a two-headed ogre
  9770 | D:11     | 9770 ||| INVOKING Heroism.
  9775 | D:11     | Killed a two-headed ogre
  9775 | D:11     | Reached ** piety under Okawaru
  9796 | D:11     | Found a staircase to the Lair.
  9796 | D:11     | Noticed a two-headed ogre
  9797 | D:11     | 9797 ||| INVOKING Heroism.
  9804 | D:11     | Killed a two-headed ogre
  9805 | D:11     | Reached XP level 12. HP: 60/76 MP: 13/15
  9900 | D:11     | 9900 ||| Stepping ~*~*~tactically~*~*~ (hiding).
  9904 | D:11     | 9904 ||| INVOKING Heroism.
  9930 | D:11     | Found Apraqe Ithrit's Antique Weapon Boutique.
 10317 | D:11     | 10317 ||| Stepping ~*~*~tactically~*~*~ (hiding).
 10334 | D:11     | Reached skill level 12 in Axes
 10381 | D:11     | 10381 ||| PLANNING LAIR
 10427 | Lair:1   | Entered Level 1 of the Lair of Beasts
 10428 | Lair:1   | 10428 ||| INVOKING Heroism.
 10441 | Lair:1   | Reached skill level 9 in Armour
 10480 | Lair:1   | Found the +15 Maxwell's patent armour {-Cast -Tele rElec
                  | Will+ rCorr}
 10570 | Lair:1   | Reached *** piety under Okawaru
 10581 | Lair:1   | 10581 ||| Stepping ~*~*~tactically~*~*~ (stealth).
 10584 | Lair:1   | 10584 ||| Stepping ~*~*~tactically~*~*~ (stealth).
 10596 | Lair:1   | 10596 ||| Stepping ~*~*~tactically~*~*~ (stealth).
 10640 | Lair:1   | 10640 ||| Stepping ~*~*~tactically~*~*~ (stealth).
 10769 | Lair:1   | Found a runed translucent door.
 10769 | Lair:1   | Noticed qw's ghost (novice GrFi)
 10860 | Lair:1   | 10860 ||| Stepping ~*~*~tactically~*~*~ (stealth).
 10940 | Lair:1   | 10940 ||| INVOKING Heroism.
 10957 | Lair:1   | 10957 ||| Stepping ~*~*~tactically~*~*~ (stealth).
 10962 | Lair:1   | Reached **** piety under Okawaru
 10967 | Lair:1   | 10967 ||| INVOKING Heroism.
 10977 | Lair:1   | 10977 ||| Stepping ~*~*~tactically~*~*~ (stealth).
 11038 | Lair:1   | 11038 ||| Stepping ~*~*~tactically~*~*~ (stealth).
 11156 | Lair:1   | Reached ***** piety under Okawaru
 11998 | Lair:1   | 11998 ||| Stepping ~*~*~tactically~*~*~ (stealth).
 12002 | Lair:1   | 12002 ||| Stepping ~*~*~tactically~*~*~ (stealth).
 12003 | Lair:1   | 12003 ||| Stepping ~*~*~tactically~*~*~ (stealth).
 12008 | Lair:1   | Reached skill level 6 in Invocations
 12264 | Lair:2   | 12264 ||| INVOKING Heroism.
 12287 | Lair:2   | 12287 ||| INVOKING Heroism.
 12387 | Lair:2   | 12387 ||| INVOKING Heroism.
 12498 | Lair:2   | Found a staircase to the Swamp.
 12625 | Lair:2   | Reached XP level 13. HP: 82/82 MP: 18/18
 12629 | Lair:2   | 12629 ||| Stepping ~*~*~tactically~*~*~ (hiding).
 12655 | Lair:2   | 12655 ||| Stepping ~*~*~tactically~*~*~ (stealth).
 12657 | Lair:2   | 12657 ||| Stepping ~*~*~tactically~*~*~ (stealth).
 12658 | Lair:2   | 12658 ||| Stepping ~*~*~tactically~*~*~ (stealth).
 12670 | Lair:2   | Reached skill level 13 in Axes
 12697 | Lair:2   | 12697 ||| Stepping ~*~*~tactically~*~*~ (stealth).
 12707 | Lair:2   | 12707 ||| Stepping ~*~*~tactically~*~*~ (stealth).
 12805 | Lair:2   | 12805 ||| Stepping ~*~*~tactically~*~*~ (stealth).
 12808 | Lair:2   | 12808 ||| INVOKING Heroism.
 12847 | Lair:2   | 12847 ||| INVOKING Heroism.
 13010 | Lair:2   | 13010 ||| INVOKING Heroism.
 13025 | Lair:2   | 13025 ||| Stepping ~*~*~tactically~*~*~ (hiding).
 13027 | Lair:2   | 13027 ||| Stepping ~*~*~tactically~*~*~ (hiding).
 13033 | Lair:2   | Found a staircase to the Snake Pit.
 13249 | Lair:3   | 13249 ||| INVOKING Heroism.
 13250 | Lair:3   | 13250 ||| INVOKING Finesse.
 13320 | Lair:3   | Noticed Nergalle
 13321 | Lair:3   | 13321 ||| Stepping ~*~*~tactically~*~*~ (hiding).
 13323 | Lair:3   | 13323 ||| INVOKING Heroism.
 13330 | Lair:3   | Killed Nergalle
 13374 | Lair:3   | Reached skill level 9 in Invocations
 13447 | Lair:3   | Noticed Gastronok
 13448 | Lair:3   | 13448 ||| INVOKING Heroism.
 13456 | Lair:3   | Killed Gastronok
 13476 | Lair:3   | Identified the +5 hand axe of Fivvel {flame, *Slow Will+++
                  | Stlth+}
 13478 | Lair:3   | 13478 ||| DROPPING +0 morningstar of protection.
 13945 | Lair:3   | 13945 ||| UPGRADING to +0 hat of willpower.
 13950 | Lair:3   | 13950 ||| DROPPING ring of willpower.
 13951 | Lair:3   | 13951 ||| READING 8 scrolls of identify.
 13951 | Lair:3   | 13951 ||| IDENTIFYING viscous puce potion
 13952 | Lair:3   | 13952 ||| READING 7 scrolls of identify.
 13952 | Lair:3   | 13952 ||| IDENTIFYING fizzy orange potion
 13953 | Lair:3   | 13953 ||| DROPPING potion of berserk rage.
 14009 | Lair:4   | 14009 ||| INVOKING Heroism.
 14012 | Lair:4   | 14012 ||| Stepping ~*~*~tactically~*~*~ (stealth).
 14069 | Lair:4   | 14069 ||| INVOKING Heroism.
 14070 | Lair:4   | 14070 ||| INVOKING Finesse.
 14236 | Lair:4   | 14236 ||| INVOKING Heroism.
 14319 | Lair:4   | Found a staircase to the Slime Pits.
 14335 | Lair:4   | 14335 ||| INVOKING Heroism.
 14336 | Lair:4   | 14336 ||| INVOKING Finesse.
 14358 | Lair:4   | Reached skill level 14 in Axes
 14399 | Lair:4   | 14399 ||| INVOKING Heroism.
 14837 | Lair:5   | Entered Level 5 of the Lair of Beasts
 14837 | Lair:5   | Noticed Nessos
 14839 | Lair:5   | 14839 ||| INVOKING Heroism.
 14842 | Lair:5   | Killed Nessos
 14843 | Lair:5   | Gained mutation: Your large and strong wings let you fly.
                  | [Gargoyle growth]
 14843 | Lair:5   | Reached XP level 14. HP: 88/88 MP: 18/21
 14851 | Lair:5   | 14851 ||| INVOKING Finesse.
 14904 | Lair:5   | 14904 ||| READING scroll of acquirement.
 14904 | Lair:5   | 14904 ||| ACQUIRING ring "Itsoup" {Fly rPois rC+ Str+6}
 14904 | Lair:5   | Acquired the ring "Itsoup" {Fly rPois rC+ Str+6}
 14906 | Lair:5   | 14906 ||| UPGRADING to ring "Itsoup" {Fly rPois rC+ Str+6}.
 14973 | Lair:5   | Reached skill level 12 in Shields
 15006 | Lair:5   | 15006 ||| INVOKING Heroism.
 15007 | Lair:5   | 15007 ||| Stepping ~*~*~tactically~*~*~ (stealth).
 15008 | Lair:5   | 15008 ||| INVOKING Finesse.
 15036 | Lair:5   | 15036 ||| Stepping ~*~*~tactically~*~*~ (stealth).
 15059 | Lair:5   | 15059 ||| Stepping ~*~*~tactically~*~*~ (stealth).
 15061 | Lair:5   | 15061 ||| Stepping ~*~*~tactically~*~*~ (hiding).
 15106 | Lair:5   | 15106 ||| Stepping ~*~*~tactically~*~*~ (stealth).
 15136 | Lair:5   | Identified the staff of Fate {rElec rPois rF++ rC+ Stlth-
                  | Air}
 15246 | Lair:5   | Reached skill level 15 in Axes
 15276 | Lair:5   | Received a gift from Okawaru
 15277 | Lair:5   | 15277 ||| Stepping ~*~*~tactically~*~*~ (stealth).
 15307 | Lair:5   | 15307 ||| DROPPING +0 war axe.
 15308 | Lair:5   | 15308 ||| DROPPING +5 hand axe of Fivvel {flame, *Slow
                  | Will+++ Stlth+}.
 15344 | Lair:5   | 15344 ||| INVOKING Heroism.
 15365 | Lair:5   | 15365 ||| INVOKING Heroism.
 15366 | Lair:5   | 15366 ||| INVOKING Finesse.
 15409 | Lair:5   | 15409 ||| Stepping ~*~*~tactically~*~*~ (stealth).
 15410 | Lair:5   | 15410 ||| Stepping ~*~*~tactically~*~*~ (stealth).
 15503 | Lair:5   | Reached skill level 12 in Fighting
 15979 | Lair:5   | 15979 ||| PLANNING D
 15979 | Lair:5   | 15979 ||| DROPPING +4 ring of slaying {mikee}.
 16155 | D:12     | Found Wummokum's Distillery.
 16164 | D:12     | 16164 ||| BUYING potion of curing (42 gold).
 16164 | D:12     | Bought a potion of curing for 42 gold pieces
 16164 | D:12     | 16164 ||| BUYING potion of curing (42 gold).
 16164 | D:12     | Bought a potion of curing for 42 gold pieces
 16164 | D:12     | 16164 ||| BUYING potion of enlightenment (70 gold).
 16164 | D:12     | Bought a potion of enlightenment for 70 gold pieces
 16164 | D:12     | 16164 ||| BUYING potion of lignification (42 gold).
 16164 | D:12     | Bought a potion of lignification for 42 gold pieces
 16164 | D:12     | 16164 ||| BUYING potion of mutation (112 gold).
 16164 | D:12     | Bought a potion of mutation for 112 gold pieces
 16164 | D:12     | 16164 ||| BUYING potion of resistance (140 gold).
 16164 | D:12     | Bought a potion of resistance for 140 gold pieces
 16232 | D:12     | Reached skill level 3 in Dodging
 16324 | D:12     | 16324 ||| Stepping ~*~*~tactically~*~*~ (hiding).
 16343 | D:12     | 16343 ||| READING scroll of enchant armour.
 16343 | D:12     | 16343 ||| ENCHANTING +0 hat of willpower.
 16511 | D:12     | 16511 ||| INVOKING Heroism.
 16575 | D:12     | Reached XP level 15. HP: 87/96 MP: 22/22
 16796 | D:12     | 16796 ||| READING scroll of acquirement.
 16796 | D:12     | 16796 ||| ACQUIRING +0 broad axe "Catzie Zeatu" {heavy,
                  | +Blink rN+}
 16796 | D:12     | Acquired the +0 broad axe "Catzie Zeatu" {heavy, +Blink
                  | rN+}
 16873 | D:13     | 16873 ||| INVOKING Heroism.
 16874 | D:13     | 16874 ||| INVOKING Finesse.
 17080 | D:13     | 17080 ||| INVOKING Heroism.
 17081 | D:13     | 17081 ||| INVOKING Finesse.
 17083 | D:13     | 17083 ||| Stepping ~*~*~tactically~*~*~ (stealth).
 17324 | D:13     | 17324 ||| INVOKING Heroism.
 17328 | D:13     | Received a gift from Okawaru
 17368 | D:13     | Received a gift from Okawaru
 17529 | D:13     | 17529 ||| Stepping ~*~*~tactically~*~*~ (hiding).
 17531 | D:13     | Gained mutation: You are strong-willed. (Will+) [a neqoxec]
 17533 | D:13     | 17533 ||| Stepping ~*~*~tactically~*~*~ (hiding).
 17539 | D:13     | Reached skill level 16 in Axes
 17686 | D:14     | 17686 ||| INVOKING Heroism.
 17687 | D:14     | 17687 ||| INVOKING Finesse.
 17852 | D:14     | 17852 ||| Stepping ~*~*~tactically~*~*~ (stealth).
 17875 | D:14     | 17875 ||| Stepping ~*~*~tactically~*~*~ (hiding).
 17889 | D:14     | Reached skill level 3 in Throwing
 17910 | D:14     | Noticed Lodul
 17917 | D:14     | Killed Lodul
 18079 | D:14     | Received a gift from Okawaru
 18090 | D:14     | Found a gate to the Vaults.
 18091 | D:14     | 18091 ||| Stepping ~*~*~tactically~*~*~ (hiding).
 18535 | D:14     | 18535 ||| UPGRADING to amulet of reflection.
 18545 | D:14     | 18545 ||| DROPPING amulet of regeneration.
 18562 | D:15     | Entered Level 15 of the Dungeon
 18629 | D:15     | 18629 ||| Stepping ~*~*~tactically~*~*~ (hiding).
 18631 | D:15     | 18631 ||| INVOKING Heroism.
 18648 | D:15     | 18648 ||| Stepping ~*~*~tactically~*~*~ (hiding).
 18840 | D:15     | 18840 ||| INVOKING Heroism.
 18841 | D:15     | 18841 ||| INVOKING Finesse.
 18848 | D:15     | 18848 ||| Stepping ~*~*~tactically~*~*~ (hiding).
 18908 | D:15     | Received a gift from Okawaru
 19312 | D:15     | Reached skill level 6 in Throwing
 19430 | D:15     | 19430 ||| Stepping ~*~*~tactically~*~*~ (hiding).
 19438 | D:15     | Received a gift from Okawaru
 19489 | D:15     | Found a staircase to the Depths.
 19587 | D:15     | 19587 ||| INVOKING Heroism.
 19715 | D:15     | Received a gift from Okawaru
 19891 | D:15     | 19891 ||| PLANNING ORC
 19891 | D:15     | 19891 ||| READING scroll labelled DEMNOW ZYOLL.
 20088 | Orc:1    | Entered Level 1 of the Orcish Mines
 20145 | Orc:1    | 20145 ||| Stepping ~*~*~tactically~*~*~ (stealth).
 20148 | Orc:1    | 20148 ||| Stepping ~*~*~tactically~*~*~ (hiding).
 20340 | Orc:1    | Noticed Erolcha
 20346 | Orc:1    | Killed Erolcha
 20438 | Orc:1    | 20438 ||| INVOKING Heroism.
 20459 | Orc:1    | 20459 ||| Stepping ~*~*~tactically~*~*~ (stealth).
 20480 | Orc:1    | 20480 ||| Stepping ~*~*~tactically~*~*~ (stealth).
 20483 | Orc:1    | 20483 ||| INVOKING Heroism.
 20620 | Orc:1    | 20620 ||| Stepping ~*~*~tactically~*~*~ (stealth).
 20740 | Orc:2    | Entered Level 2 of the Orcish Mines
 20745 | Orc:2    | 20745 ||| INVOKING Heroism.
 20751 | Orc:2    | Reached XP level 16. HP: 101/101 MP: 21/23
 20925 | Orc:2    | 20925 ||| INVOKING Heroism.
 20930 | Orc:2    | 20930 ||| INVOKING Finesse.
 20946 | Orc:2    | Received a gift from Okawaru
 20964 | Orc:2    | Found Exkua's Antique Weapon Shoppe.
 21136 | Orc:2    | Found Ufeum's Antique Armour Emporium.
 21174 | Orc:2    | 21174 ||| INVOKING Heroism.
 21243 | Orc:2    | 21243 ||| INVOKING Heroism.
 21257 | Orc:2    | Received a gift from Okawaru
 21354 | Orc:2    | Found a staircase to the Elven Halls.
 21494 | Orc:2    | 21494 ||| INVOKING Heroism.
 21495 | Orc:2    | Found Neavuc's Antique Weapon Shoppe.
 21503 | Orc:2    | Reached skill level 17 in Axes
 21739 | Orc:2    | 21739 ||| INVOKING Heroism.
 21740 | Orc:2    | Found Deirphaih's Antique Armour Shop.
 21746 | Orc:2    | Received a gift from Okawaru
 21868 | Orc:2    | 21868 ||| BUYING glowing plate armour (728 gold).
 21868 | Orc:2    | Bought a glowing plate armour for 728 gold pieces
 21868 | Orc:2    | 21868 ||| BUYING glowing plate armour (728 gold).
 21868 | Orc:2    | Bought a glowing plate armour for 728 gold pieces
 21952 | Orc:2    | 21952 ||| PLANNING SWAMP:1-3
 21952 | Orc:2    | 21952 ||| UPGRADING to +1 plate armour of fire resistance.
 21962 | Orc:2    | 21962 ||| DROPPING +0 plate armour.
 21963 | Orc:2    | 21963 ||| UPGRADING to +2 plate armour of willpower.
 21973 | Orc:2    | 21973 ||| DROPPING +1 plate armour of poison resistance.
 22151 | Swamp:1  | Entered Level 1 of the Swamp
 22153 | Swamp:1  | 22153 ||| STAIRDANCE
 22221 | Swamp:1  | 22221 ||| Stepping ~*~*~tactically~*~*~ (hiding).
 22331 | Swamp:1  | 22331 ||| Stepping ~*~*~tactically~*~*~ (hiding).
 22500 | Swamp:1  | 22500 ||| INVOKING Heroism.
 22522 | Swamp:1  | 22522 ||| Stepping ~*~*~tactically~*~*~ (hiding).
 22523 | Swamp:1  | 22523 ||| Stepping ~*~*~tactically~*~*~ (hiding).
 22525 | Swamp:1  | 22525 ||| Stepping ~*~*~tactically~*~*~ (hiding).
 22526 | Swamp:1  | 22526 ||| Stepping ~*~*~tactically~*~*~ (hiding).
 22527 | Swamp:1  | 22527 ||| Stepping ~*~*~tactically~*~*~ (hiding).
 22528 | Swamp:1  | 22528 ||| Stepping ~*~*~tactically~*~*~ (hiding).
 22529 | Swamp:1  | 22529 ||| Stepping ~*~*~tactically~*~*~ (hiding).
 22530 | Swamp:1  | 22530 ||| INVOKING Heroism.
 22598 | Swamp:1  | 22598 ||| FLEEEEING.
 22604 | Swamp:1  | 22604 ||| INVOKING Heroism.
 23102 | Swamp:1  | 23102 ||| DROPPING amulet of the acrobat.
 23103 | Swamp:1  | 23103 ||| READING scroll labelled COULAD LYIQU.
 23122 | Swamp:2  | 23122 ||| INVOKING Heroism.
 23208 | Swamp:2  | 23208 ||| INVOKING Heroism.
 23209 | Swamp:2  | 23209 ||| INVOKING Finesse.
 23214 | Swamp:2  | Reached skill level 12 in Armour
 23319 | Swamp:2  | 23319 ||| Stepping ~*~*~tactically~*~*~ (stealth).
 23320 | Swamp:2  | 23320 ||| Stepping ~*~*~tactically~*~*~ (stealth).
 23327 | Swamp:2  | 23327 ||| Stepping ~*~*~tactically~*~*~ (stealth).
 23328 | Swamp:2  | 23328 ||| INVOKING Heroism.
 23394 | Swamp:2  | Received a gift from Okawaru
 23608 | Swamp:2  | 23608 ||| Stepping ~*~*~tactically~*~*~ (hiding).
 23780 | Swamp:2  | 23780 ||| INVOKING Heroism.
 23783 | Swamp:2  | 23783 ||| Stepping ~*~*~tactically~*~*~ (cloud).
 24132 | Swamp:3  | 24132 ||| STAIRDANCE
 24267 | Swamp:3  | 24267 ||| Stepping ~*~*~tactically~*~*~ (stealth).
 24462 | Swamp:3  | 24462 ||| INVOKING Heroism.
 24490 | Swamp:3  | 24490 ||| FLEEEEING.
 24499 | Swamp:3  | 24499 ||| STAIRDANCE
 24545 | Swamp:3  | 24545 ||| Stepping ~*~*~tactically~*~*~ (stealth).
 24548 | Swamp:3  | Found a frozen archway.
 24566 | Swamp:3  | Reached skill level 18 in Axes
 24582 | Swamp:3  | 24582 ||| Stepping ~*~*~tactically~*~*~ (hiding).
 24583 | Swamp:3  | 24583 ||| Stepping ~*~*~tactically~*~*~ (hiding).
 24584 | Swamp:3  | 24584 ||| Stepping ~*~*~tactically~*~*~ (hiding).
 24833 | Swamp:3  | 24833 ||| PLANNING SNAKE:1-3
 24965 | Snake:1  | Entered Level 1 of the Snake Pit
 24969 | Snake:1  | 24969 ||| Stepping ~*~*~tactically~*~*~ (hiding).
 24974 | Snake:1  | Received a gift from Okawaru
 25080 | Snake:1  | 25080 ||| Stepping ~*~*~tactically~*~*~ (stealth).
 25081 | Snake:1  | 25081 ||| Stepping ~*~*~tactically~*~*~ (stealth).
 25140 | Snake:1  | 25140 ||| Stepping ~*~*~tactically~*~*~ (stealth).
 25170 | Snake:1  | Reached XP level 17. HP: 87/109 MP: 24/24
 25241 | Snake:1  | Received a gift from Okawaru
 25316 | Snake:1  | 25316 ||| Stepping ~*~*~tactically~*~*~ (stealth).
 25330 | Snake:1  | 25330 ||| Stepping ~*~*~tactically~*~*~ (stealth).
 25333 | Snake:1  | 25333 ||| Stepping ~*~*~tactically~*~*~ (stealth).
 25355 | Snake:1  | 25355 ||| Stepping ~*~*~tactically~*~*~ (hiding).
 25356 | Snake:1  | 25356 ||| Stepping ~*~*~tactically~*~*~ (hiding).
 25358 | Snake:1  | 25358 ||| Stepping ~*~*~tactically~*~*~ (hiding).
 25504 | Snake:1  | 25504 ||| Stepping ~*~*~tactically~*~*~ (hiding).
 25507 | Snake:1  | 25507 ||| Stepping ~*~*~tactically~*~*~ (hiding).
 25584 | Snake:1  | 25584 ||| Stepping ~*~*~tactically~*~*~ (hiding).
 25629 | Snake:1  | 25629 ||| Stepping ~*~*~tactically~*~*~ (stealth).
 25679 | Snake:1  | 25679 ||| INVOKING Heroism.
 25695 | Snake:1  | 25695 ||| INVOKING Heroism.
 25935 | Snake:1  | 25935 ||| Stepping ~*~*~tactically~*~*~ (hiding).
 25936 | Snake:1  | 25936 ||| Stepping ~*~*~tactically~*~*~ (hiding).
 25938 | Snake:1  | 25938 ||| Stepping ~*~*~tactically~*~*~ (hiding).
 25940 | Snake:1  | 25940 ||| Stepping ~*~*~tactically~*~*~ (hiding).
 26246 | Snake:1  | 26246 ||| Stepping ~*~*~tactically~*~*~ (stealth).
 26247 | Snake:1  | 26247 ||| Stepping ~*~*~tactically~*~*~ (stealth).
 26348 | Snake:1  | 26348 ||| UPGRADING to +0 tower shield.
 26358 | Snake:1  | 26358 ||| DROPPING +0 kite shield.
 26359 | Snake:1  | 26359 ||| UPGRADING to +2 tower shield.
 26369 | Snake:1  | 26369 ||| DROPPING +0 tower shield.
 26423 | Snake:2  | 26423 ||| Stepping ~*~*~tactically~*~*~ (hiding).
 26424 | Snake:2  | 26424 ||| Stepping ~*~*~tactically~*~*~ (hiding).
 26425 | Snake:2  | 26425 ||| Stepping ~*~*~tactically~*~*~ (hiding).
 26426 | Snake:2  | 26426 ||| Stepping ~*~*~tactically~*~*~ (hiding).
 26639 | Snake:2  | Received a gift from Okawaru
 26717 | Snake:2  | 26717 ||| Stepping ~*~*~tactically~*~*~ (stealth).
 26727 | Snake:2  | 26727 ||| INVOKING Heroism.
 26730 | Snake:2  | Received a gift from Okawaru
 26842 | Snake:2  | 26842 ||| INVOKING Heroism.
 26961 | Snake:2  | 26961 ||| Stepping ~*~*~tactically~*~*~ (hiding).
 26967 | Snake:2  | 26967 ||| Stepping ~*~*~tactically~*~*~ (stealth).
 26980 | Snake:2  | Received a gift from Okawaru
 27006 | Snake:2  | 27006 ||| Stepping ~*~*~tactically~*~*~ (stealth).
 27012 | Snake:2  | 27012 ||| Stepping ~*~*~tactically~*~*~ (hiding).
 27017 | Snake:2  | 27017 ||| Stepping ~*~*~tactically~*~*~ (hiding).
 27020 | Snake:2  | 27020 ||| INVOKING Heroism.
 27027 | Snake:2  | Reached skill level 15 in Shields
 27288 | Snake:2  | 27288 ||| Stepping ~*~*~tactically~*~*~ (hiding).
 27603 | Snake:2  | 27603 ||| INVOKING Heroism.
 27679 | Snake:2  | 27679 ||| DRINKING 2 fuming emerald potions.
 27706 | Snake:3  | 27706 ||| Stepping ~*~*~tactically~*~*~ (hiding).
 27739 | Snake:3  | Received a gift from Okawaru
 27750 | Snake:3  | 27750 ||| Stepping ~*~*~tactically~*~*~ (hiding).
 27873 | Snake:3  | 27873 ||| Stepping ~*~*~tactically~*~*~ (hiding).
 28002 | Snake:3  | 28002 ||| INVOKING Heroism.
 28085 | Snake:3  | 28085 ||| Stepping ~*~*~tactically~*~*~ (stealth).
 28086 | Snake:3  | 28086 ||| Stepping ~*~*~tactically~*~*~ (stealth).
 28089 | Snake:3  | 28089 ||| Stepping ~*~*~tactically~*~*~ (hiding).
 28103 | Snake:3  | 28103 ||| Stepping ~*~*~tactically~*~*~ (hiding).
 28104 | Snake:3  | 28104 ||| Stepping ~*~*~tactically~*~*~ (hiding).
 28105 | Snake:3  | 28105 ||| FLEEEEING.
 28109 | Snake:3  | 28109 ||| Stepping ~*~*~tactically~*~*~ (hiding).
 28125 | Snake:3  | Noticed Louise
 28133 | Snake:3  | Received a gift from Okawaru
 28133 | Snake:3  | Found the +3 pair of gauntlets of War {Slay+5}
 28142 | Snake:3  | Killed Louise
 28226 | Snake:3  | 28226 ||| Stepping ~*~*~tactically~*~*~ (stealth).
 28228 | Snake:3  | Found Kuwkatis's Antique Weapon Shoppe.
 28303 | Snake:3  | Found Teisch's Firing Range.
 28555 | Snake:3  | 28555 ||| PLANNING SWAMP:4
 28555 | Snake:3  | 28555 ||| UPGRADING to +3 pair of gauntlets of War
                  | {Slay+5}.
 28565 | Snake:3  | 28565 ||| DROPPING +2 pair of gloves.
 28610 | Snake:1  | 28610 ||| Stepping ~*~*~tactically~*~*~ (hiding).
 28767 | Swamp:4  | Entered Level 4 of the Swamp
 28767 | Swamp:4  | Identified Roxanne's Precepts of Transfiguration
 28767 | Swamp:4  | Noticed Roxanne
 28768 | Swamp:4  | 28768 ||| INVOKING Heroism.
 28769 | Swamp:4  | 28769 ||| INVOKING Finesse.
 28793 | Swamp:4  | Killed Roxanne
 28827 | Swamp:4  | 28827 ||| INVOKING Heroism.
 28827 | Swamp:4  | Noticed Donald
 28828 | Swamp:4  | 28828 ||| INVOKING Finesse.
 28836 | Swamp:4  | Killed Donald
 28930 | Swamp:4  | 28930 ||| INVOKING Heroism.
 28941 | Swamp:4  | 28941 ||| INVOKING Finesse.
 28994 | Swamp:4  | 28994 ||| Stepping ~*~*~tactically~*~*~ (hiding).
 29007 | Swamp:4  | Reached XP level 18. HP: 112/116 MP: 25/25
 29029 | Swamp:4  | 29029 ||| INVOKING Heroism.
 29035 | Swamp:4  | 29035 ||| Stepping ~*~*~tactically~*~*~ (stealth).
 29057 | Swamp:4  | Noticed the 27-headed Lernaean hydra
 29068 | Swamp:4  | HP: 23/116 [the 26-headed Lernaean hydra (8)]
 29069 | Swamp:4  | 29069 ||| READING 11 scrolls of teleportation.
 29069 | Swamp:4  | HP: 8/116 [the 26-headed Lernaean hydra (5)]
 29069 | Swamp:4  | HP: 1/116 [the 26-headed Lernaean hydra (7)]
 29069 | Swamp:4  | Slain by the 26-headed Lernaean hydra

Levels and vault maps discovered:
D:1:      nagdon_arrival_double_spiral, layout_basic,
          shapermc_ecumenical_altar_petra
D:2:      layout_loops_ring
D:3:      cheibrodos_pilgrimage, layout_basic, ebering_ghost_disaster_area,
          serial_shops, shop
D:4:      minmay_goblin_kobold_castle, layout_loops_ring, jmf_multi_god_temple,
          minmay_temple_entry_statues_fountains, minmay_misc_feat_rugged
D:5:      layout_cave_pools, overflow_temple_1_default, fedhas_altar_fruit_tree,
          serial_park, serial_park_avenue1, serial_park_gazebo
          [serial_park_minivault_5x5_8], serial_park_square3
          [serial_park_minivault_5x5_2]
D:6:      layout_layer_cave, mainiacjoe_overflow_boulevard, marbit_many_paths,
          minmay_misc_feat_pillars
D:7:      layout_loops_ring, hex_large, minmay_fire_ice_demons, uniq_menkaure,
          uniq_pikel, uniq_joseph
D:8:      layout_basic, kiku_gazebo_pond_becter,
          mainiacjoe_overflow_tiny_flanked, mainiacjoe_overflow_alcove_1,
          enter_ossuary_2, disabler_island
D:9:      layout_cave_pools, gammafunk_temple_overflow_claw, david_orc_5,
          serial_gnoll_camp, gnoll_camp_mini_house, gnoll_camp_mini_doghouse,
          grums_kennel, gnoll_camp_mini_shop, dreamdust_mushroom_princess,
          uniq_psyche, uniq_grum, uniq_erica
D:10:     layout_irregular_city, lemuel_coloured_pillars_altar,
          minmay_misc_feat_doors
D:11:     layout_long_grid, erik_lair_orcish_takeover, serial_shops,
          nicolae_shop_statue_plus, minivault_23, kennysheep_generic_room_14,
          uniq_maurice
D:12:     layout_irregular_city, serial_shops, shop, grunt_ogre_cave,
          minmay_misc_feat_tiny
D:13:     layout_loops_cross
D:14:     layout_basic, david_vaults_1, uniq_lodul
D:15:     grunt_enter_depths_magical_seal, layout_loops_ring,
          minmay_misc_feat_iff, grunt_ministairs_8
Temple:   kb_temple_of_zot
Lair:1:   layout_roguey [special_room_bee], gammafunk_ghost_grave,
          dreamdust_deal_with_the_devil, chequers_serial_rivers_room_b,
          serial_bayou_crossing, serial_bayou_shore_a
Lair:2:   layout_regular_city, swamp_mist, nicolae_snake_entry_squirm,
          grunt_megastairs_2
Lair:3:   layout_hall_layers, uniq_nergalle, uniq_gastronok
Lair:4:   gammafunk_indiana_jones, layout_long_grid,
          nicolae_slime_entry_field_trip
Lair:5:   grunt_lair_end_beastmaster, layout_regular_city, minivault_24,
          grunt_megastairs_4, uniq_nessos
Swamp:1:  layout_falls_marsh, evilmike_swamp_ruin_house_5,
          infiniplex_staircase_pool_2
Swamp:2:  layout_basic_swamp, serial_swamp_ruin, hangedman_swamp_ruin_hall,
          evilmike_swamp_ruin_house_4, nicolae_swamp_tree_designs
Swamp:3:  layout_falls_marsh, portal_ice_cave_entry_ugly_swarm,
          evilmike_swamp_ruin_house_2
Swamp:4:  swamp_old_school, layout_basic_swamp, ebering_ghost_rock_garden,
          swamp_pool4, uniq_kirke, uniq_roxanne, uniq_donald
Snake:1:  layout_honeycomb, nicolae_snake_gridmaze_squiggle
Snake:2:  layout_grid_maze, nicolae_snake_ghostly_warrior_ritual
Snake:3:  layout_misc_corridors, serial_shops, nicolae_diamond_shop,
          nicolae_shop_firing_range, uniq_louise
Orc:1:    layout_caves, nicolae_orc_bridge_out, uniq_erolcha
Orc:2:    grunt_orc_community_town_hall, layout_caves,
          grunt_orc_community_big_house_1, grunt_orc_community_big_house_1,
          grunt_orc_community_house_2, grunt_orc_community_house_2,
          grunt_orc_community_house_1, grunt_orc_community_house_2,
          grunt_orc_community_house_3

Skill      XL: |  1  2  3  4  5  6  7  8  9 10 11 12 13 14 15 16 17 |
---------------+----------------------------------------------------+-----
Axes           | 2 3 4 5 6 7 8 9 10 11 12 14 15 16 18 | 18.0
Fighting       | 4 5 6 8 9 10 12 13 14 | 14.0
Dodging        | 1 2 3 |  3.0
Armour         | 4 5 6 8 9 10 11 12 | 12.4
Shields        | 8 9 10 11 12 13 17 | 17.8
Throwing       | 1 2 7 |  7.0
Invocations    | 4 7 10 | 10.0

Action                     |  1- 3 |  4- 6 |  7- 9 | 10-12 | 13-15 | 16-18 || total
---------------------------+-------+-------+-------+-------+-------+-------++-------
  Melee: War axe           |   101 |    12 |       |       |       |       ||   113
         Broad axe         |       |    79 |   120 |   421 |   651 |   735 ||  2006
  Throw: Boomerang         |       |       |     3 |   184 |   159 |    12 ||   358
         Javelin           |       |       |       |       |    43 |    90 ||   133
 Invoke: Heroism           |       |       |       |    11 |    26 |    24 ||    61
         Finesse           |       |       |       |       |    10 |     5 ||    15
    Use: Scroll            |     6 |     5 |     7 |     5 |     6 |     2 ||    31
         Potion            |     1 |     2 |     3 |     3 |       |     1 ||    10
   Stab: Distracted        |       |       |       |       |       |     1 ||     1
 Armour: Scale mail        |    44 |    41 |     7 |       |       |       ||    92
         Chain mail        |       |       |    43 |    23 |       |       ||    66
         Plate armour      |       |       |       |   134 |   274 |   294 ||   702
  Dodge: Dodged            |    46 |    39 |    33 |    84 |   117 |   130 ||   449
  Block: Buckler           |    23 |    16 |    11 |       |       |       ||    50
         Kite shield       |       |       |    33 |   157 |   282 |   259 ||   731
         Reflection        |       |       |       |       |     4 |    49 ||    53
         Tower shield      |       |       |       |       |       |   319 ||   319

Table legend:
 A = Non-vault XP
 B = Vault XP
 C = Vault XP percentage of total XP
 D = Non-vault monster count
 E = Vault monster count
 F = Vault count percentage of total count
                 A         B        C        D         E       F
            +---------+---------+-------+---------+---------+-------
      Total |  187103 |   63714 |  25.4 |     743 |     386 |  34.2
            +---------+---------+-------+---------+---------+-------
        D:1 |      30 |       0 |   0.0 |      17 |       0 |   0.0
        D:2 |      71 |       0 |   0.0 |      25 |       0 |   0.0
        D:3 |      88 |      55 |  38.5 |      22 |       5 |  18.5
        D:4 |    1513 |     209 |  12.1 |      30 |      59 |  66.3
        D:5 |     570 |     264 |  31.7 |      14 |       8 |  36.4
        D:6 |    1279 |      45 |   3.4 |      30 |       1 |   3.2
        D:7 |    1245 |    1319 |  51.4 |      32 |       5 |  13.5
        D:8 |    1312 |     862 |  39.7 |      33 |       4 |  10.8
        D:9 |    1363 |    2457 |  64.3 |      14 |      42 |  75.0
       D:10 |    1747 |       0 |   0.0 |      19 |       0 |   0.0
       D:11 |    4512 |    1010 |  18.3 |      26 |       9 |  25.7
       D:12 |    3908 |     827 |  17.5 |      27 |       1 |   3.6
       D:13 |    8315 |       0 |   0.0 |      12 |       0 |   0.0
       D:14 |    5285 |    3667 |  41.0 |      15 |      12 |  44.4
       D:15 |   14253 |    6021 |  29.7 |      24 |      16 |  40.0
     Lair:1 |    7651 |    1934 |  20.2 |      42 |      27 |  39.1
     Lair:2 |    6688 |    1178 |  15.0 |      32 |       5 |  13.5
     Lair:3 |    6648 |    2220 |  25.0 |      18 |       2 |  10.0
     Lair:4 |    7580 |     213 |   2.7 |      30 |       5 |  14.3
     Lair:5 |   18323 |    9426 |  34.0 |      45 |      21 |  31.8
    Swamp:1 |   12713 |       0 |   0.0 |      29 |       0 |   0.0
    Swamp:2 |    8777 |       0 |   0.0 |      19 |       0 |   0.0
    Swamp:3 |    8763 |    5889 |  40.2 |      17 |      10 |  37.0
    Swamp:4 |    6097 |   10034 |  62.2 |       9 |      15 |  62.5
    Snake:1 |   20784 |       0 |   0.0 |      40 |       0 |   0.0
    Snake:2 |   11824 |    6359 |  35.0 |      22 |       9 |  29.0
    Snake:3 |   19435 |    1134 |   5.5 |      40 |       4 |   9.1
      Orc:1 |    3411 |     854 |  20.0 |      41 |       1 |   2.4
      Orc:2 |    2918 |    7645 |  72.4 |      19 |      66 |  77.6
    Ossuary |       0 |      92 | 100.0 |       0 |      59 | 100.0
            +---------+---------+-------+---------+---------+-------
